AoeStats
← saschauli

Arena

509836868Analyzed
1v1 RM · 5d ago on Sep 28, 2026· 32m 31s· 2 players
Game mode
Random Map
Map size
Tiny (2 player)
Population
200
Speed
Normal
Resources
Standard
Victory
Conquest
Starting age
Dark Age
Ending age
Imperial Age
RankedLock teamsTeams togetherTeam positionsShared explorationLock speedFull tech treeHidden civsTurbo modeCheats
Victory
Defeat
🇩🇪 Poles · Germany
955
+16
🇮🇳 Turks · India
956
-16
saschauli
11:03 Feudal Age
16:16 Castle Age
14:16 Horse Collar
14:44 Double-Bit Axe
16:12 Forging
16:37 Stone Mining
17:44 Bow Saw
18:59 Heavy Plow
23:23 Scale Mail Armor
23:33 Scale Barding Armor
24:05 Iron Casting
23:22 Light Cavalry
24:20 Husbandry
25:07 Bloodlines
26:29 Chain Barding Armor
28:24 Squires
28:29 Scale Mail Armor
28:50 Fletching
30:52 Chain Mail Armor
Markus_Wolf
11:18 Feudal Age
9:39 Loom
11:25 Feudal Age
16:25 Castle Age
14:29 Double-Bit Axe
14:51 Horse Collar
21:32 Imperial Age
20:02 Bow Saw
20:40 Heavy Plow
25:35 Husbandry
27:26 Bloodlines
28:30 Heavy Camel Rider
29:17 Town Watch
30:08 Wheelbarrow
31:03 Two-Man Saw
31:08 Gold Mining
31:09 Stone Mining
32:25 Gold Shaft Mining
31:41 Stone Mining
32:11 Scale Barding Armor
32:17 Forging
Connection lost

Rejoining the realm…

Still unreachable

The connection could not be restored.

Session expired

The server has moved on; the page needs a fresh start.